 Dungeon Crawl Stone Soup version 0.18.1-2-ga659475 (webtiles) character file.

3164 Chiseanne the Skirmisher (level 9, -1/79 HPs)
             Began as a Ghoul Earth Elementalist on May 8, 2016.
             Was an Elder of Okawaru.
             Slain by a cyan ugly thing (14 damage)
             ... on level 8 of the Dungeon.
             The game lasted 00:22:49 (7381 turns).

Chiseanne the Skirmisher (Ghoul Earth Elementalist) Turns: 7381, Time: 00:22:50

Health: -1/79      AC: 18    Str: 13    XL:     9   Next: 94%
Magic:  10/10      EV:  5    Int:  9    God:    Okawaru [****..]
Gold:   512        SH: 10    Dex: 12    Spells: 0 memorised, 11 levels left

rFire  . . .     SeeInvis .     a - +2 hand axe (freeze)
rCold  + . .     Gourm    .     p - +4 chain mail {rPois}
rNeg   + + +     Faith    .     n - +1 shield
rPois  ∞         Spirit   .     y - +2 helmet
rElec  .         Dismiss  .     (no cloak)
rCorr  .         Reflect  .     i - +0 pair of gloves
SustAt .         Harm     .     (no boots)
MR     .....                    (no amulet)
Stlth  ..........               (no ring)
                                (no ring)

@: rotting, not resistant to hostile enchantments, extremely unstealthy
A: rotting body, claws 1, carnivore 3, cold resistance 1, negative energy
resistance 3, slow regeneration 1, torment resistance, unbreathing
a: Heroism, Renounce Religion


You were on level 8 of the Dungeon.
You worshipped Okawaru.
Okawaru was greatly pleased with you.
You were not hungry.

You visited 1 branch of the dungeon, and saw 8 of its levels.

You collected 512 gold pieces.

Inventory:

Hand Weapons
 a - a +2 hand axe of freezing (weapon)
 s - a +1 whip of electrocution
Missiles
 b - 321 stones
 e - 61 sling bullets
 h - 12 tomahawks (quivered)
 l - 72 bolts
 q - 5 javelins of penetration
 v - 27 poisoned needles
Armour
 i - a +0 pair of gloves (worn)
 n - a +1 shield (worn)
 p - a +4 chain mail of poison resistance (worn)
 y - a +2 helmet (worn)
Wands
 t - a wand of iceblast (4/15)
 x - a wand of disintegration (10/24)
 D - a wand of heal wounds (3/9)
 E - a wand of paralysis (13/24)
Scrolls
 k - a scroll of immolation
 o - 2 scrolls of magic mapping
 u - a scroll of remove curse
 w - a scroll of teleportation
 z - 3 scrolls of identify
Potions
 g - a potion of flight
 m - 3 potions of curing
Books
 c - a book of Geomancy

   Spells                             Type                      Level
   a - Sandblast                      Earth                        1
   b - Passwall                       Transmutation/Earth          2
   c - Stone Arrow                    Conjuration/Earth            3
   d - Petrify                        Transmutation/Earth          4
   e - Lee's Rapid Deconstruction     Earth                        5
Miscellaneous
 r - a plain deck of wonders {drawn: 4}
Comestibles
 d - 7 meat rations
 f - a beef jerky
 A - a chunk of flesh


   Skills:
 * Level 7.5 Fighting
 - Level 3.6 Axes
 * Level 6.1 Armour
 - Level 3.0 Dodging
 - Level 2.1 Stealth
 * Level 6.3 Shields
 - Level 1.7 Spellcasting
   Level 0.8 Transmutations
   Level 3.2 Earth Magic
 * Level 3.5 Invocations


You had 11 spell levels left.
You didn't know any spells.

Dungeon Overview and Level Annotations

Branches:
Dungeon (8/15)             Temple (0/1) D:4
   Lair: D:8-11

Altars:
Fedhas
Nemelex Xobeh
Okawaru
Pakellas
Vehumet


Innate Abilities, Weirdness & Mutations

Your body is rotting away.
You thrive on raw meat.
You are immune to poison.
You have sharp fingernails.
You are carnivorous and can eat meat at any time.
Your flesh is cold resistant.
You are immune to negative energy.
You regenerate slowly when monsters are visible.
You are immune to unholy pain and torment.
You can survive without breathing.


Message History

The cyan ugly thing claws you. The cyan ugly thing shocks you!
* * * LOW HITPOINT WARNING * * *
Drink which item? (? for menu, Esc to quit)
You feel much better. The cyan ugly thing claws you!
* * * LOW HITPOINT WARNING * * *
The cyan ugly thing shocks you!
* * * LOW HITPOINT WARNING * * *
Drink which item? (? for menu, Esc to quit)
You feel much better.
You feel like a meek peon again. The cyan ugly thing claws you.
The cyan ugly thing shocks you!
* * * LOW HITPOINT WARNING * * *
You block the cyan ugly thing's attack.
There are monsters nearby!
You hit the cyan ugly thing but do no damage.
The cyan ugly thing is heavily wounded.
The cyan ugly thing claws you.
* * * LOW HITPOINT WARNING * * *
The cyan ugly thing shocks you!
You die...

##############
#............#
#.####.......#
#<#####.# #.#
#.# #.#
#.######## #.#
#......... #.#
#.######## #.#
#@# #.# #u#
#.# #c# #.#
#.##.## #.#
#### .......
#.###.....
....#.
####.........
# #....
#c.......####
......
#.########


You could see a cyan ugly thing and a centaur.

Vanquished Creatures
  Joseph (D:8)
  Prince Ribbit (D:6)
  A steam dragon (D:7)
  A hungry ghost (D:7)
  A water moccasin (D:5)
  Duvessa (D:4)
  A sky beast (D:5)
  2 orc warriors
  An ice beast (D:6)
  A necrophage (D:7)
  An ogre (D:5)
  2 centaurs (D:5)
  3 giant frogs
  Dowan (D:4)
  A wyvern skeleton (D:7)
  A water moccasin zombie (D:7)
  A water moccasin skeleton (D:5)
  A howler monkey (D:5)
  A crimson imp (D:5)
  2 giant frog zombies
  6 hounds
  2 jellies
  5 orc priests
  A giant frog skeleton (D:7)
  Jessica (D:2)
  Terence (D:2)
  2 orc wizards
  5 worker ants
  3 gnolls (D:2)
  3 worker ant zombies
  8 adders
  3 shadow imps
  2 oozes
  3 worms
  7 giant geckos
  27 orcs
  2 giant cockroaches
  7 goblins
  12 hobgoblins
  7 jackals
  6 kobolds
  2 quokkas (D:5)
  A ball python (D:4)
  15 bats
  A giant gecko zombie (D:7)
  6 giant newts
  8 rats
171 creatures vanquished.

Vanquished Creatures (others)
  An adder skeleton (D:7)
1 creature vanquished.

Grand Total: 172 creatures vanquished

Notes
Turn   | Place    | Note
--------------------------------------------------------------
     0 | D:1      | Chiseanne the Ghoul Earth Elementalist began the quest for the Orb.
     0 | D:1      | Reached XP level 1. HP: 14/14 MP: 2/2
   273 | D:1      | Reached skill level 1 in Fighting
   306 | D:1      | Reached XP level 2. HP: 18/24 MP: 1/3
   400 | D:1      | Reached skill level 2 in Fighting
   845 | D:1      | Reached XP level 3. HP: 28/30 MP: 4/4
  1156 | D:2      | Noticed Jessica
  1173 | D:2      | HP: 1/30 [something (3)]
  1183 | D:2      | Killed Jessica
  1183 | D:2      | Reached skill level 1 in Armour
  1183 | D:2      | Reached XP level 4. HP: 3/37 MP: 5/5
  1450 | D:2      | Found a faded altar to an unknown god.
  1454 | D:2      | Reached skill level 1 in Shields
  1536 | D:2      | Noticed Terence
  1543 | D:2      | Killed Terence
  1592 | D:2      | Reached XP level 5. HP: 25/44 MP: 6/6
  2085 | D:2      | Reached skill level 3 in Fighting
  2467 | D:3      | Found an iron altar of Okawaru.
  2475 | D:3      | Became a worshipper of Warmaster Okawaru
  2704 | D:3      | Found a blossoming altar of Fedhas.
  2704 | D:3      | Found a radiant altar of Vehumet.
  3092 | D:3      | Reached XP level 6. HP: 32/51 MP: 7/7
  3493 | D:4      | Reached skill level 4 in Fighting
  3553 | D:4      | Found a staircase to the Ecumenical Temple.
  3756 | D:4      | Noticed Dowan
  3757 | D:4      | Noticed Duvessa
  3788 | D:4      | Killed Duvessa
  3788 | D:4      | Reached XP level 7. HP: 38/60 MP: 8/8
  3816 | D:4      | Killed Dowan
  4346 | D:5      | Entered Level 5 of the Dungeon
  4496 | D:5      | Reached * piety under Okawaru
  4527 | D:5      | Reached skill level 1 in Axes
  4580 | D:5      | Reached skill level 5 in Fighting
  4580 | D:5      | Reached XP level 8. HP: 40/68 MP: 6/9
  4839 | D:5      | Reached ** piety under Okawaru
  5298 | D:6      | Noticed Prince Ribbit
  5421 | D:6      | Found a sparkling altar of Nemelex Xobeh.
  5582 | D:6      | Reached skill level 6 in Fighting
  5592 | D:6      | Reached skill level 5 in Shields
  5594 | D:6      | Drew Focus: Str increased to 13, Int decreased to 9
  5617 | D:6      | Killed Prince Ribbit
  5617 | D:6      | Reached *** piety under Okawaru
  5617 | D:6      | Reached skill level 5 in Armour
  5617 | D:6      | Reached XP level 9. HP: 44/77 MP: 8/10
  5889 | D:6      | Reached skill level 1 in Invocations
  6510 | D:7      | Reached skill level 7 in Fighting
  6744 | D:7      | Found an oddly glowing altar of Pakellas.
  7302 | D:8      | Noticed Joseph
  7324 | D:8      | Killed Joseph
  7324 | D:8      | Reached **** piety under Okawaru
  7339 | D:8      | Noticed a cyan ugly thing
  7381 | D:8      | Slain by a cyan ugly thing

Skill      XL: |  1  2  3  4  5  6  7  8  9 |
---------------+----------------------------+-----
Fighting       | 1 2 3 4 5 6 7 |  7.5
Dodging        | 2 3 |  3.0
Armour         | 1 2 3 5 6 |  6.1
Shields        | 1 3 5 6 |  6.3
Axes           | 1 3 |  3.6
Invocations    | 3 |  3.5
Stealth        | |  2.1
Spellcasting   | |  1.7
Transmutations | |  0.8
Earth Magic    | |  3.2

Action                   |  1- 3 |  4- 6 |  7- 9 || total
-------------------------+-------+-------+-------++-------
Melee: Unarmed           |     8 |       |       ||     8
       Whip              |     6 |   281 |   195 ||   482
       Short sword       |   127 |    12 |       ||   139
       Mace              |     6 |       |       ||     6
       Hand axe          |       |       |   307 ||   307
Throw: Tomahawk          |       |     6 |    12 ||    18
 Cast: Sandblast         |     4 |       |       ||     4
Invok: Heroism           |       |       |     7 ||     7
Evoke: Deck              |       |       |     4 ||     4
       Wand              |       |       |     2 ||     2
  Use: Scroll            |     6 |    11 |     7 ||    24
       Potion            |     2 |     3 |     4 ||     9
  Eat: Chunk             |    14 |    29 |    41 ||    84
Armor: Robe              |    20 |       |       ||    20
       Chain mail        |    73 |   186 |   304 ||   563
Dodge: Dodged            |    64 |    55 |    79 ||   198
Block: Shield            |     5 |   139 |   229 ||   373
